 Dungeon Crawl Stone Soup version 0.20.1-1-g8b1a95d (webtiles) character file.

387028 Jazqa the Slayer (level 22, 0/220 HPs)
             Began as a Minotaur Fighter on Oct 31, 2017.
             Was the Champion of the Shining One.
             Slain by a deep troll (19 damage)
             ... led by an ironheart preserver
             ... on level 4 of the Vaults.
             The game lasted 01:33:01 (45113 turns).

Jazqa the Slayer (Minotaur Fighter)                Turns: 45113, Time: 01:33:02

Health: 0/220      AC: 37    Str: 26    XL:     22   Next: 2%
Magic:  33/33      EV:  5    Int: 11    God:    the Shining One [******]
Gold:   1296       SH: 38    Dex: 14    Spells: 19/29 levels left

rFire    . . .     SeeInvis .   B - +9 trident (flame)
rCold    . . .     Gourm    .   V - +8 large shield {reflect}
rNeg     + + +     Faith    .   U - +0 crystal plate armour "Caxajuhu" {Regen+ Int+5}
rPois    .         Spirit   .   x - +2 hat
rElec    .         Reflect  +   L - +2 cloak
rCorr    .         Harm     .   p - +1 pair of gloves
MR       +++..                  w - +0 pair of boots
Stlth    ..........             b - brooch of Shielding {Reflect SH+8}
Regen    0.9/turn               m - ring of protection from magic
MPRegen  0.3/turn               M - ring of protection from magic

@: glowing
A: retaliatory headbutt, horns 2
}: 2/15 runes: serpentine, barnacled
a: Divine Shield, Cleansing Flame, Summon Divine Warrior, Brand Weapon With Holy
Wrath, Renounce Religion


You were on level 4 of the Vaults.
You worshipped the Shining One.
The Shining One was exalted by your worship.
You were not hungry.

You visited 7 branches of the dungeon, and saw 36 of its levels.
You also visited: Ice Cave.

You collected 3533 gold pieces.
You spent 2237 gold pieces at shops.


Innate Abilities, Weirdness & Mutations

You reflexively headbutt those who attack you in melee.
You have a pair of horns on your head.


   Skills:
 + Level 23.1 Fighting
 - Level 14.0 Polearms
 + Level 19.6 Armour
 + Level 17.5 Shields
 - Level 4.0 Spellcasting
 - Level 5.0 Transmutations
 - Level 9.0 Earth Magic
 + Level 17.1 Invocations


You had 19 spell levels left.
You knew the following spells:

 Your Spells              Type           Power        Failure   Level  Hunger
l - Leda's Liquefaction   Hex/Erth       ##........   100%        4    #####..
t - Statue Form           Tmut/Erth      ###......    100%        6    #######

Inventory:

Hand Weapons
 B - a +9 trident of flaming (weapon)
Missiles
 d - 10 throwing nets (quivered) {=f}
Armour
 p - a +1 pair of gloves (worn)
 w - a +0 pair of boots (worn)
 x - a +2 hat (worn)
 L - a +2 cloak (worn)
 U - the +0 crystal plate armour "Caxajuhu" (worn) {Regen+ Int+5}
   (You acquired it on level 1 of the Shoals)

   It affects your intelligence (+5).
   It increases your rate of regeneration.
 V - a +8 large shield of reflection (worn)
 X - the +5 ring mail of the Leaf {MR+ Regen+ rCorr Str+2}
   (You bought it in a shop on level 3 of the Vaults)

   It affects your strength (+2).
   It affects your resistance to hostile enchantments.
   It increases your rate of regeneration.
   It protects you from acid and corrosion.
Jewellery
 b - the brooch of Shielding (around neck) {Reflect SH+8}
   (You bought it in a shop on level 1 of the Snake Pit)

   [amulet of reflection]

   It shields you and reflects attacks.
   It affects your SH (+8).
 c - an uncursed ring of protection from cold
 m - a ring of protection from magic (left hand)
 M - a ring of protection from magic (right hand)
Scrolls
 e - 4 scrolls of amnesia
 i - 9 scrolls of remove curse {@r2}
 j - 5 scrolls of magic mapping
 k - 6 scrolls of identify {@r1}
 t - 12 scrolls of teleportation {@r4}
 v - 2 scrolls of fog
 y - 6 scrolls of recharging
 z - 5 scrolls of immolation {!r}
 E - 9 scrolls of enchant weapon
 I - a scroll of summoning
 N - 3 scrolls of fear
 P - a scroll of enchant armour
 Y - 2 scrolls of holy word
Potions
 a - 4 potions of agility
 g - 2 potions of berserk rage {!q}
 h - 2 potions of resistance
 l - 3 potions of haste {@q3}
 o - a potion of ambrosia
 q - 18 potions of curing {@q1}
 r - 6 potions of brilliance
 s - 6 potions of mutation {!q}
 u - 3 potions of flight
 D - 3 potions of magic
 K - 5 potions of lignification {!q}
 R - 4 potions of might
 W - 3 potions of heal wounds {@q2}
 Z - a potion of cancellation
Books
 H - a book of the Earth

   Spells                             Type                      Level
   a - Leda's Liquefaction            Hexes/Earth                  4
   b - Bolt of Magma                  Conjuration/Fire/Earth       5
   c - Statue Form                    Transmutation/Earth          6
   d - Iron Shot                      Conjuration/Earth            6
   e - Shatter                        Earth                        9
Miscellaneous
 C - a lamp of fire
 Q - 2 phantom mirrors
Comestibles
 f - 14 chunks of flesh
 n - 11 meat rations {@e1}
 A - 5 royal jellies {@e3}
 F - 6 bread rations {@e1}
 J - 45 fruits {@e2}

Dungeon Overview and Level Annotations

Branches:
Dungeon (15/15)            Temple (0/1) D:4            Lair (6/6) D:10
 Shoals (4/4) Lair:2        Snake (4/4) Lair:4        Slime (0/5) Lair:5
    Orc (2/2) D:10            Elf (0/3) Orc:2        Vaults (4/5) D:14
  Crypt (0/3) Vaults:3     Depths (1/5) D:15

Altars:
Elyvilon
Fedhas
Gozag
Kikubaaqudgha
Nemelex Xobeh
Okawaru
The Shining One
Jiyva

Shops:
D:5 }   Orc:2 *:([   Snake:1 !:(=%   Snake:2 ((%*(   Snake:3 *(?:}   Vaults:3 *

Annotations:
Orc:1 Rupert, Sonja

▓.....▓ ▓.!...▓
▓▓▓▓▓▓▓.....▓▓▓▓▓▓
...........?......
..................
..................
......)..........
.......@T).......
▓▓▓▓▓▓▓T....▓▓▓
▓.../.▓ ▓.....▓
▓.....▓ ▓.....▓
▓)....▓ ▓.....▓
▓.....▓


You could see 2 deep trolls.


Message History

* * * LOW HITPOINT WARNING * * *
The deep troll bites you.
* * * LOW HITPOINT WARNING * * *
You block the deep troll's attack. x2
You feel much better. You block the deep troll's attack. x3
You block the ogre mage's attack. The deep troll bites you.
* * * LOW HITPOINT WARNING * * *
You block the deep troll's attack. The deep troll completely misses you.
You block the deep troll's attack.
The deep troll claws you but does no damage. x2
You hit the ogre mage. You burn the ogre mage. You headbutt the ogre mage!
The ogre mage is severely wounded.
The deep troll bites you.
* * * LOW HITPOINT WARNING * * *
You block the deep troll's attack. x2
The ogre mage casts a spell at you. The bolt of lightning hits you!
* * * LOW HITPOINT WARNING * * *
You block the deep troll's attack.
The deep troll claws you but does no damage.
You block the deep troll's attack.
You puncture the ogre mage! You burn the ogre mage.
You kill the ogre mage!
The Shining One accepts your kill.
You feel better. You block the deep troll's attack. x3
The deep troll bites you!
* * * LOW HITPOINT WARNING * * *
The deep troll claws you but does no damage.
The deep troll claws you!!
You die...

Skill      XL: |  1  2  3  4  5  6  7  8  9 10 11 12 13 14 15 16 17 18 19 20 21 |
---------------+----------------------------------------------------------------+-----
Fighting       | 4 5 6 7 8 10 11 12 13 15 16 17 18 19 20 21 22 23 | 23.1
Polearms       | 3 5 6 8 10 11 12 13 14 | 14.0
Invocations    | 2 5 7 9 10 11 12 13 14 15 16 17 | 17.1
Shields        | 5 6 9 11 12 13 14 16 17 | 17.5
Armour         | 5 10 11 13 14 16 17 18 19 | 19.6
Spellcasting   | 2 4 |  4.0
Transmutations | 2 5 |  5.0
Earth Magic    | 2 5 6 8 9 |  9.0

Action                   |  1- 3 |  4- 6 |  7- 9 | 10-12 | 13-15 | 16-18 | 19-21 | 22-24 || total
-------------------------+-------+-------+-------+-------+-------+-------+-------+-------++-------
Melee: Trident           |    72 |   122 |   234 |   610 |  1712 |  1674 |  2098 |    11 ||  6533
       Headbutt          |     9 |    16 |    28 |   131 |   406 |   274 |   535 |     5 ||  1404
Invok: Divine Shield     |       |       |     2 |    10 |    11 |    11 |     4 |       ||    38
       Cleansing Flame   |       |       |       |       |     3 |       |     3 |       ||     6
       Summon Divine War |       |       |       |       |       |     3 |     2 |       ||     5
Evoke: Wand              |       |       |       |     2 |       |       |       |       ||     2
  Use: Potion            |     1 |       |       |     8 |     3 |     5 |     2 |     1 ||    20
       Scroll            |       |    12 |     7 |    11 |    11 |    14 |    10 |       ||    65
  Eat: Chunk             |       |     4 |    10 |    25 |    42 |    29 |    25 |       ||   135
       Royal jelly       |       |       |       |     1 |     2 |     2 |     4 |       ||     9
Armor: Scale mail        |    24 |    29 |    60 |   130 |       |       |       |       ||   243
       Plate armour      |       |       |       |    82 |   522 |       |       |       ||   604
       Crystal plate arm |       |       |       |       |     9 |   494 |   338 |    25 ||   866
Dodge: Dodged            |    12 |    15 |    50 |   109 |   196 |    75 |    64 |     3 ||   524
Block: Shield            |    27 |    32 |    80 |   287 |   734 |    99 |       |       ||  1259
       Large shield      |       |       |       |       |       |  1880 |  1878 |    63 ||  3821
       Reflection        |       |       |       |       |       |   216 |   199 |       ||   415

Vault maps used:
D:1:      minmay_arrival_doors
D:2:      grunt_gozag_statues, uniq_sigmund, uniq_terence
D:3:      kiku_gazebo_pond_becter
D:4:      tso_oasis_becter, minmay_temple_entry_butterflies,
          hangedman_abyss_or_decor_lesser_grid, serial_bayou_lagoon_a,
          corexii_shack, elyvilon_altar_4
D:5:      first_bread, serial_shops, kennysheep_mini_moat
D:6:      serial_undead, serial_undead_b, serial_undead_a, serial_undead_b,
          serial_undead_b, minmay_large_rounded_square,
          hangedman_decor_peaks_small, uniq_edmund, uniq_menkaure
D:7:      kennysheep_small_circle
D:9:      basic_altar, blue_anna_alchemist, fedhas_altar_1
D:10:     erik_lair_orcish_takeover, erik_orc_2, minmay_misc_feat_pillars,
          uniq_erolcha, uniq_josephine
D:11:     dk_noncrumbling_3, minmay_misc_feat_x, uniq_grum
D:13:     serial_co_window_serial, co_window_corner_a, co_window_paths_a,
          co_window_paths_b, co_window_of_opportunity_a, co_window_paths_b,
          co_window_cross_4, co_window_corner_ca, co_window_of_opportunity_c,
          co_window_4corner_a, glass_columns_a, st_stairs_9, minivault_16,
          uniq_nessos
D:14:     david_vaults_2, serial_park_square2, serial_ice, serial_ice_l,
          serial_ice_f, serial_ice_o, serial_ice_g, serial_ice_h, serial_ice_b
D:15:     gammafunk_enter_depths_forms, minmay_the_grid_2x2
Lair:1:   beast_lair_carwin_5
Lair:2:   elwin_shoals_entry_stream
Lair:3:   uniq_harold, uniq_gastronok, uniq_snorg, uniq_nergalle
Lair:4:   minmay_snake_entry_guardpost_small, lemuel_centaur_altar
Lair:5:   slime_altar_1, serial_bayou_shore_b, grunt_megastairs_1
Lair:6:   grunt_lair_end_beastmaster, enter_volcano_3, lemuel_fruit_fields
Shoals:2: argonaut_gorgonesque
Shoals:3: nicolae_shoals_hunting_party
Shoals:4: shoals_end_simple, shoals_ilsuiw_ice
Snake:1:  serial_shops, nicolae_shop_behind_doors, nicolae_shop_behind_doors,
          nicolae_shop_window_shopping, shop, shop_statue
Snake:2:  serial_shops, shop_statue, minmay_shoptagon, uniq_aizul
Snake:3:  serial_shops, nicolae_shop_waterfront, shop, shop, shop,
          grunt_ministairs_6, minmay_shop_star
Snake:4:  grunt_snake_rune_pools
Orc:1:    elf_legates
Orc:2:    grunt_orc_gardens, grunt_orc_garden, grunt_orc_garden,
          grunt_orc_garden, grunt_orc_garden, portal_ice_cave_entry_pillars_1,
          uniq_rupert, uniq_sonja
Vaults:1: nicolae_vaults_mini_display_case, nicolae_vaults_c_with_doors,
          vaults_room_boxed, vaults_mumra_lcd, nicolae_vaults_border_crossing,
          vaults_mumra_minichess
Vaults:2: v_misc_26, vaults_room_grid, vaults_mumra_chevron_long, v_misc_28,
          ontoclasm_vaults_claustrophobia, nicolae_vaults_little_squares_2,
          vaults_mumra_hexcomb, v_pattern_5, ontoclasm_vaults_tryst,
          v_alt_pattern_6, ontoclasm_vaults_ligature, v_misc_9, st_more_cells,
          uniq_frederick
Vaults:3: minmay_crypt_entry_simple_sparse, vaults_dpeg_hooks,
          nicolae_vaults_little_squares_4, st_lines,
          nicolae_vaults_ring_of_whatevers, v_misc_17, vaults_room_pool,
          ontoclasm_vaults_eye, vaults_room_fours,
          nicolae_vaults_diagonal_hallway_7, nicolae_vaults_what_the_h,
          serial_shops, nicolae_shop_trees, uniq_jory, uniq_boris
Vaults:4: v_misc_2, v_pattern_4, v_misc_30, v_misc_26,
          nicolae_vaults_network_quinsquares, nicolae_vaults_quartermaster,
          nicolae_vaults_rhombus_5, hangedman_vaults_slice,
          grunt_vaults_hallway_short
Depths:1: minmay_misc_feat_chi, grunt_hell_horde, serial_shops,
          nicolae_shop_behind_doors, serial_sigils_hangedman_writhe,
          kennysheep_two_boxes, firewood_loft, uniq_sojobo
IceCv:    ice_cave_caverns_01

Notes
Turn   | Place    | Note
-------+----------+-------------------------------------------
     0 | D:1      | Jazqa the Minotaur Fighter began the quest for the Orb.
     0 | D:1      | Reached XP level 1. HP: 19/19 MP: 0/0
    60 | D:1      | Reached skill level 4 in Fighting
    60 | D:1      | Reached XP level 2. HP: 27/27 MP: 1/1
   107 | D:1      | Reached skill level 3 in Polearms
   508 | D:1      | Reached XP level 3. HP: 34/34 MP: 2/2
   708 | D:2      | Found an opulent altar of Gozag.
   806 | D:2      | Noticed Sigmund
   840 | D:2      | Killed Sigmund
   840 | D:2      | Reached skill level 5 in Fighting
   840 | D:2      | Reached skill level 5 in Polearms
   840 | D:2      | Reached XP level 4. HP: 32/44 MP: 3/3
   840 | D:2      | Reached XP level 5. HP: 37/50 MP: 4/4
   857 | D:2      | Noticed Terence
   861 | D:2      | Killed Terence
  1213 | D:3      | Reached skill level 6 in Fighting
  1229 | D:3      | Found an ancient bone altar of Kikubaaqudgha.
  1280 | D:3      | Reached XP level 6. HP: 44/57 MP: 5/5
  1350 | D:3      | Reached skill level 6 in Polearms
  1732 | D:3      | Identified a potion of resistance
  1823 | D:4      | Noticed n0claF's ghost (amateur DESu)
  1833 | D:4      | Killed n0claF's ghost
  1879 | D:4      | Found a white marble altar of Elyvilon.
  1944 | D:4      | Found a glowing golden altar of the Shining One.
  1947 | D:4      | Became a worshipper of the Shining One
  1990 | D:4      | Reached skill level 7 in Fighting
  1993 | D:4      | Found a staircase to the Ecumenical Temple.
  2210 | D:4      | Reached XP level 7. HP: 63/66 MP: 6/6
  2540 | D:5      | Entered Level 5 of the Dungeon
  2565 | D:5      | Reached skill level 7 in Polearms
  2670 | D:5      | Found Guopteha's Gadget Shop.
  2798 | D:5      | Reached skill level 8 in Fighting
  2913 | D:6      | Reached skill level 8 in Polearms
  2927 | D:6      | Noticed Edmund
  2947 | D:6      | Killed Edmund
  2947 | D:6      | Reached XP level 8. HP: 59/75 MP: 7/7
  3152 | D:6      | Reached skill level 9 in Fighting
  3185 | D:6      | Reached skill level 9 in Polearms
  3226 | D:6      | Reached * piety under the Shining One
  3284 | D:6      | Noticed Menkaure
  3389 | D:6      | Killed Menkaure
  3699 | D:7      | Reached skill level 1 in Invocations
  3717 | D:7      | Reached skill level 10 in Fighting
  3717 | D:7      | Reached skill level 2 in Invocations
  3756 | D:7      | Got a twisted whip
  3757 | D:7      | Identified the +0 whip of Subterfuge {protect, rPois Int+3} (You found it on level 7 of the Dungeon)
  4012 | D:7      | Reached skill level 10 in Polearms
  4234 | D:8      | Reached ** piety under the Shining One
  4240 | D:8      | Reached XP level 9. HP: 79/85 MP: 9/9
  4354 | D:8      | Reached skill level 3 in Invocations
  5041 | D:8      | Noticed a two-headed ogre
  5051 | D:8      | Killed a two-headed ogre
  5051 | D:8      | Reached skill level 11 in Fighting
  5051 | D:8      | Reached skill level 4 in Invocations
  5179 | D:9      | Reached skill level 11 in Polearms
  5286 | D:9      | Found an iron altar of Okawaru.
  5483 | D:9      | Noticed a two-headed ogre
  5492 | D:9      | Killed a two-headed ogre
  5492 | D:9      | Reached skill level 5 in Invocations
  5492 | D:9      | Reached XP level 10. HP: 61/96 MP: 8/13
  5496 | D:9      | Found a blossoming altar of Fedhas.
  5742 | D:9      | Noticed a two-headed ogre
  5759 | D:9      | Killed a two-headed ogre
  5759 | D:9      | Reached skill level 6 in Invocations
  5791 | D:9      | Reached skill level 12 in Fighting
  6053 | D:9      | Noticed a two-headed ogre
  6071 | D:9      | Killed a two-headed ogre
  6071 | D:9      | Reached skill level 12 in Polearms
  6337 | D:10     | Entered Level 10 of the Dungeon
  6407 | D:10     | Noticed Erolcha
  6414 | D:10     | Killed Erolcha
  6463 | D:10     | Reached skill level 7 in Invocations
  6481 | D:10     | Noticed Josephine
  6490 | D:10     | Killed Josephine
  6490 | D:10     | Reached XP level 11. HP: 59/106 MP: 15/15
  6765 | D:10     | Reached skill level 13 in Fighting
  6773 | D:10     | Reached *** piety under the Shining One
  6860 | D:10     | Reached skill level 13 in Polearms
  7067 | D:10     | Found a staircase to the Lair.
  7323 | D:10     | Reached skill level 8 in Invocations
  7328 | D:10     | Found a staircase to the Orcish Mines.
  7656 | Lair:1   | Entered Level 1 of the Lair of Beasts
  8016 | Lair:1   | Reached skill level 4 in Shields
  8234 | Lair:1   | Reached skill level 4 in Armour
  9094 | Lair:2   | Reached skill level 5 in Shields
  9096 | Lair:2   | Noticed manon's ghost (journeyman GrGl)
  9289 | Lair:2   | Killed manon's ghost
  9289 | Lair:2   | Reached skill level 5 in Armour
  9368 | Lair:2   | Found a staircase to the Shoals.
  9800 | Lair:2   | Noticed an oklob plant
  9808 | Lair:2   | Killed an oklob plant
  9808 | Lair:2   | Reached skill level 9 in Invocations
  9808 | Lair:2   | Reached XP level 12. HP: 100/116 MP: 17/17
  9880 | Lair:2   | Reached skill level 14 in Fighting
  9880 | Lair:2   | Reached skill level 6 in Shields
  9939 | Lair:2   | Reached skill level 14 in Polearms
 10427 | Lair:2   | Reached skill level 6 in Armour
 10699 | Lair:3   | Noticed Gastronok
 10721 | Lair:3   | Killed Gastronok
 10721 | Lair:3   | Reached skill level 7 in Armour
 10823 | Lair:3   | Noticed Nergalle
 10836 | Lair:3   | Killed Nergalle
 10920 | Lair:3   | Noticed Snorg
 10932 | Lair:3   | HP: 11/118 [Snorg (9)]
 10935 | Lair:3   | Killed Snorg
 11143 | Lair:3   | Noticed Harold
 11160 | Lair:3   | Killed Harold
 11160 | Lair:3   | Reached skill level 8 in Armour
 11504 | Lair:3   | Reached skill level 15 in Fighting
 11941 | Lair:4   | Found a staircase to the Snake Pit.
 11991 | Lair:4   | Reached skill level 9 in Armour
 12205 | Lair:4   | Noticed a six-headed hydra
 12213 | Lair:4   | Killed a six-headed hydra
 12690 | Lair:4   | Found a sparkling altar of Nemelex Xobeh.
 13118 | Lair:5   | Noticed a death yak
 13121 | Lair:5   | Noticed a death yak
 13121 | Lair:5   | Noticed a death yak
 13123 | Lair:5   | Noticed a death yak
 13124 | Lair:5   | Noticed a death yak
 13125 | Lair:5   | Noticed a death yak
 13132 | Lair:4   | Reached skill level 10 in Armour
 13182 | Lair:4   | HP: 12/122 [poisoned by a black mamba]
 13188 | Lair:4   | HP: 12/122 [poisoned by a black mamba]
 13642 | Lair:4   | Killed a death yak
 13642 | Lair:4   | Reached XP level 13. HP: 116/128 MP: 15/18
 13647 | Lair:4   | Reached skill level 7 in Shields
 13868 | Lair:4   | Reached skill level 16 in Fighting
 14009 | Lair:5   | Reached skill level 8 in Shields
 14456 | Lair:5   | Learned a level 6 spell: Statue Form
 14584 | Lair:5   | Found a viscous altar of Jiyva.
 14613 | Lair:5   | Reached skill level 1 in Spellcasting
 14895 | Lair:5   | Found a staircase to the Slime Pits.
 15033 | Lair:6   | Entered Level 6 of the Lair of Beasts
 15058 | Lair:6   | Reached skill level 1 in Transmutations
 15108 | Lair:6   | Reached skill level 1 in Earth Magic
 15630 | Lair:6   | Reached skill level 11 in Armour
 16063 | Lair:6   | Reached skill level 2 in Transmutations
 16179 | Lair:6   | Reached skill level 9 in Shields
 16304 | Lair:6   | Reached skill level 2 in Earth Magic
 16558 | Lair:6   | Reached skill level 2 in Spellcasting
 16690 | Lair:6   | Reached XP level 14. HP: 128/138 MP: 20/20
 16729 | Lair:6   | Reached skill level 3 in Transmutations
 16729 | Lair:6   | Reached skill level 10 in Invocations
 16763 | Lair:6   | Reached skill level 3 in Earth Magic
 16892 | Lair:6   | Learned a level 4 spell: Leda's Liquefaction
 16897 | Lair:6   | Reached **** piety under the Shining One
 17335 | Lair:6   | Reached skill level 3 in Spellcasting
 17392 | Lair:6   | Reached skill level 4 in Transmutations
 17405 | Lair:6   | Reached skill level 17 in Fighting
 17410 | Lair:6   | Reached skill level 4 in Earth Magic
 17668 | Orc:1    | Entered Level 1 of the Orcish Mines
 17668 | Orc:1    | Noticed an orc warlord
 17994 | Orc:1    | Killed an orc warlord
 18629 | Orc:1    | Noticed an orc warlord
 18650 | Orc:1    | Killed an orc warlord
 18885 | D:10     | Reached skill level 4 in Spellcasting
 19695 | Orc:1    | Reached skill level 5 in Transmutations
 19739 | Orc:1    | Reached skill level 5 in Earth Magic
 19799 | Orc:2    | Entered Level 2 of the Orcish Mines
 19803 | Orc:2    | Noticed Sonja
 19805 | Orc:2    | Noticed Rupert
 20083 | Orc:2    | Found a frozen archway.
 20458 | IceCv    | Entered an ice cave
 21093 | IceCv    | Noticed a frost giant
 21103 | IceCv    | Reached XP level 15. HP: 115/147 MP: 21/21
 21118 | IceCv    | Killed a frost giant
 21158 | IceCv    | Identified the Disquisition on the Frostbite
 21248 | Orc:2    | Found Kisix's Book Boutique.
 21375 | Orc:2    | Reached skill level 10 in Shields
 21420 | Orc:2    | Noticed an orc warlord
 21823 | Orc:2    | Killed an orc warlord
 21875 | Orc:2    | Reached skill level 12 in Armour
 22189 | Orc:2    | Found Meohetil's Antique Weapon Shoppe.
 22282 | Orc:2    | Found Uxulauss's General Store.
 22344 | Orc:2    | Found Juguilat's Antique Armour Boutique.
 22348 | Orc:2    | Found a staircase to the Elven Halls.
 22352 | Orc:2    | Bought a brightly glowing chain mail for 285 gold pieces
 22362 | Orc:2    | Identified the cursed +0 chain mail "Immanoco" {Int-5 Dex+3} (You bought it in a shop on level 2 of the Orcish Mines)
 23211 | D:11     | Noticed Grum
 23221 | D:11     | Killed Grum
 23221 | D:11     | Reached skill level 18 in Fighting
 23284 | D:11     | Reached ***** piety under the Shining One
 23307 | D:11     | Reached skill level 11 in Invocations
 23460 | D:11     | Noticed Linguinho's ghost (journeyman SpEn)
 23480 | D:11     | Killed Linguinho's ghost
 24214 | D:13     | Reached skill level 11 in Shields
 24321 | D:13     | Noticed Nessos
 24338 | D:13     | Killed Nessos
 25782 | D:13     | Reached skill level 13 in Armour
 26584 | D:10     | Identified a scroll of acquirement
 26605 | D:10     | Got a warped cloak
 26616 | D:10     | Identified the +0 cloak of Daffodils {-Tele rN++ Str+6} (You acquired it on level 10 of the Dungeon)
 26730 | Shoals:1 | Entered Level 1 of the Shoals
 26772 | Shoals:1 | Got a dazzling crystal plate armour
 26783 | Shoals:1 | Identified the +0 crystal plate armour "Caxajuhu" {Regen+ Int+5} (You acquired it on level 1 of the Shoals)
 26798 | Shoals:1 | Reached ****** piety under the Shining One
 27040 | Shoals:1 | Reached XP level 16. HP: 145/159 MP: 23/23
 27457 | Shoals:1 | Reached skill level 12 in Shields
 27739 | Shoals:2 | Reached skill level 12 in Invocations
 28599 | Shoals:2 | Reached skill level 19 in Fighting
 28768 | Shoals:3 | Reached skill level 14 in Armour
 29048 | Shoals:3 | Reached skill level 6 in Earth Magic
 29765 | Shoals:4 | Entered Level 4 of the Shoals
 29816 | Shoals:4 | Noticed Ilsuiw
 29863 | Shoals:4 | Killed Ilsuiw
 30162 | Shoals:3 | Reached XP level 17. HP: 113/168 MP: 25/25
 30428 | Shoals:4 | Reached skill level 7 in Earth Magic
 30596 | Shoals:4 | Reached skill level 13 in Invocations
 30618 | Shoals:4 | Reached skill level 15 in Armour
 30716 | Shoals:4 | Got a barnacled rune of Zot
 31502 | Snake:1  | Entered Level 1 of the Snake Pit
 31538 | Snake:1  | Reached skill level 20 in Fighting
 31582 | Snake:1  | Found Pigug's Antique Weapon Emporium.
 31652 | Snake:1  | Found Atopan's Book Shop.
 31711 | Snake:1  | Got a bloodstained ring mail
 31714 | Snake:1  | Identified the +1 ring mail "Fivir Quo" {rF+ rCorr} (You found it on level 1 of the Snake Pit)
 31773 | Snake:1  | Found Qiucobb's Jewellery Shoppe.
 31804 | Snake:1  | Bought the brooch of Shielding {Reflect SH+8} for 1700 gold pieces
 31900 | Snake:1  | Found Laeplot's Food Boutique.
 32116 | Snake:1  | Found Doxzom's Distillery.
 32361 | Snake:2  | Found Ysaigyg's Weapon Shop.
 32827 | Snake:2  | Reached skill level 8 in Earth Magic
 32993 | Snake:2  | Noticed Aizul
 33017 | Snake:2  | Killed Aizul
 33066 | Snake:2  | Found Gunopeiq's Weapon Shoppe.
 33069 | Snake:2  | Found Isus's Assorted Antiques.
 33069 | Snake:2  | Found Qimod's Food Shoppe.
 33099 | Snake:2  | Found Ecred's Weapon Emporium.
 33494 | Snake:2  | Reached skill level 16 in Armour
 33815 | Snake:3  | Found Caytham's Assorted Antiques.
 33847 | Snake:3  | Found Vevafeshraurr's Antique Weapon Emporium.
 33857 | Snake:3  | Reached XP level 18. HP: 142/180 MP: 27/27
 34170 | Snake:3  | Reached skill level 14 in Invocations
 34376 | Snake:3  | Found Jotoxus's Book Boutique.
 34391 | Snake:3  | Found Sach's Magic Scroll Emporium.
 34695 | Snake:3  | Found Gouqec's Gadget Shop.
 34985 | Snake:4  | Entered Level 4 of the Snake Pit
 35004 | Snake:4  | Reached skill level 13 in Shields
 36229 | Snake:4  | Reached skill level 21 in Fighting
 36360 | Snake:4  | Identified a potion of experience
 36362 | Snake:4  | Reached skill level 9 in Earth Magic
 36362 | Snake:4  | Reached XP level 19. HP: 157/189 MP: 28/28
 36796 | Snake:4  | Reached skill level 17 in Armour
 37069 | Snake:4  | Reached skill level 14 in Shields
 37257 | Snake:4  | Got a serpentine rune of Zot
 37844 | D:14     | Found a gate to the Vaults.
 38224 | D:14     | Reached skill level 15 in Invocations
 38269 | D:14     | Reached XP level 20. HP: 185/198 MP: 30/30
 38624 | D:15     | Entered Level 15 of the Dungeon
 38786 | D:15     | Found a staircase to the Depths.
 39632 | Depths:1 | Entered Level 1 of the Depths
 39748 | Depths:1 | Noticed bmj180's ghost (adept GrFi)
 39789 | Depths:1 | Killed bmj180's ghost
 39901 | Vaults:1 | Entered Level 1 of the Vaults
 39968 | Vaults:1 | Reached skill level 15 in Shields
 40539 | Vaults:1 | You fall through a shaft!
 40545 | Vaults:2 | Noticed Frederick
 40580 | Vaults:2 | Killed Frederick
 40764 | Vaults:2 | Reached skill level 18 in Armour
 41012 | Vaults:2 | Reached skill level 22 in Fighting
 41498 | Vaults:2 | Reached skill level 16 in Invocations
 42032 | Vaults:1 | Reached skill level 16 in Shields
 42056 | Vaults:1 | Reached XP level 21. HP: 159/207 MP: 32/32
 43099 | Vaults:3 | Found a staircase to the Crypt.
 43117 | Vaults:3 | Reached skill level 19 in Armour
 43358 | Vaults:3 | Noticed Boris
 43380 | Vaults:3 | Killed Boris
 43834 | Vaults:3 | Reached skill level 17 in Shields
 44247 | Vaults:3 | Noticed Jory
 44270 | Vaults:3 | Killed Jory
 44286 | Vaults:3 | Found Tofiff's Assorted Antiques.
 44294 | Vaults:3 | Bought a crude ring mail for 252 gold pieces
 44304 | Vaults:3 | Identified the +5 ring mail of the Leaf {MR+ Regen+ rCorr Str+2} (You bought it in a shop on level 3 of the Vaults)
 44715 | Vaults:4 | Reached skill level 23 in Fighting
 44760 | Vaults:4 | Reached skill level 17 in Invocations
 44947 | Vaults:4 | Got a distressingly furry ring mail
 44958 | Vaults:4 | Identified the +3 ring mail of the Robin {rElec} (You found it on level 4 of the Vaults)
 45100 | Vaults:4 | Reached XP level 22. HP: 204/220 MP: 33/33
 45113 | Vaults:4 | HP: 19/220 [deep troll[an ironheart preserver] (13)]
 45113 | Vaults:4 | Slain by a deep troll

Vanquished Creatures
  Boris (Vaults:3)
  Jory (Vaults:3)
  The ghost of bmj180 the Peltast, an adept GrFi of Nemelex Xobeh (Depths:1)
  An ancient champion (Vaults:3)
  Gastronok (Lair:3)
  2 sphinxes (Vaults:3)
  A tengu reaver (Vaults:3)
  2 fire giants
  Ilsuiw (Shoals:4)
  5 nagarajas
  2 deep elf sorcerers (Vaults:2)
  3 frost giants
  3 orc warlords
  7 vault wardens
  5 stone giants
  3 very ugly things (Vaults:3)
  10 ironheart preservers
  2 entropy weavers
  Nessos (D:13)
  A deep elf demonologist (Vaults:2)
  7 merfolk javelineers
  8 merfolk impalers
  An ettin (Vaults:4)
  Snorg (Lair:3)
  A jiangshi (Vaults:3)
  2 fire dragons (D:15)
  Josephine (D:10)
  Erolcha (D:10)
  Harold (Lair:3)
  4 yaktaur captains
  11 naga warriors
  2 vault guards (Vaults:3)
  3 great orbs of eyes
  3 rakshasas
  6 hydras
  19 anacondas
  6 catoblepae
  An ice dragon (Vaults:1)
  6 merfolk aquamancers
  5 centaur warriors
  4 death knights
  7 merfolk avatars
  The ghost of manon the Basher, a journeyman GrGl of Okawaru (Lair:2)
  A tengu warrior (D:15)
  2 deep troll shamans
  28 two-headed ogres
  10 ogre magi
  A satyr (Shoals:3)
  10 naga sharpshooters
  23 death yaks
  5 shock serpents
  The ghost of Linguinho the Unseen, a journeyman SpEn of Ashenzari (D:11)
  Nergalle (Lair:3)
  4 orc high priests
  A deep elf knight (D:10)
  A salamander mystic (Snake:3)
  A skeletal warrior (D:15)
  4 unseen horrors
  A sea snake (shapeshifter) (Vaults:3)
  7 naga ritualists
  20 sea snakes
  A deep elf archer (Vaults:3)
  10 ironbrand convokers
  3 flayed ghosts
  A wizard (Vaults:1)
  21 harpies
  A lindwurm (Lair:4)
  A lindwurm (shapeshifter) (D:14)
  12 orc knights
  14 mana vipers
  2 wolf spiders
  A harpy (shapeshifter) (Vaults:1)
  An oklob plant (Lair:2)
  3 necromancers
  12 deep elf magi
  A tengu skeleton (Vaults:4)
  6 orc sorcerers
  12 salamanders
  41 ugly things
  14 manticores
  8 fauns
  6 cyclopes
  12 elephants
  6 guardian serpents
  6 water nymphs
  2 ice statues
  18 naga magi
  14 merfolk sirens
  5 vault sentinels
  38 black mambas
  8 spiny frogs
  A torpor snail (Lair:6)
  A gargoyle (D:14)
  9 freezing wraiths
  5 komodo dragons
  4 kobold demonologists
  4 rime drakes
  19 yaktaurs
  13 polar bears
  2 trolls (shapeshifter)
  A queen bee (shapeshifter) (Vaults:1)
  9 trolls
  3 hornets
  40 slime creatures
  A sphinx simulacrum (Vaults:2)
  44 merfolk
  A hornet (shapeshifter) (Vaults:1)
  6 wind drakes
  A raiju (shapeshifter) (D:15)
  A hippogriff (shapeshifter) (D:15)
  21 dream sheep
  13 hippogriffs
  3 blink frogs (Lair:2)
  15 snapping turtles
  A shadow (Vaults:3)
  3 redbacks
  9 water elementals
  Sigmund (D:2)
  A spriggan (shapeshifter) (D:14)
  2 centaur simulacra (D:14)
  An elf zombie (Vaults:4)
  11 wraiths
  An ettin skeleton (Vaults:4)
  A tarantella (shapeshifter) (D:14)
  6 basilisks
  64 yaks
  Grum (D:11)
  A basilisk (shapeshifter) (Vaults:2)
  A hog (shapeshifter) (D:13)
  A wyvern (D:13)
  A golden eye (shapeshifter) (D:14)
  4 vampire mosquitoes (D:12)
  2 hungry ghosts (D:15)
  Menkaure (D:6)
  A naga (shapeshifter) (Vaults:2)
  7 wargs
  Edmund (D:6)
  48 nagas
  A soldier ant (D:14)
  5 acid dragons
  A floating eye (shapeshifter) (D:15)
  8 porcupines
  2 hell hounds (Lair:6)
  10 water moccasins
  7 ice beasts
  44 orc warriors
  5 sky beasts
  2 black bears
  3 eyes of draining (D:12)
  A necrophage (D:12)
  4 phantoms
  23 ogres
  21 centaurs
  10 boggarts
  34 wolves
  15 crocodiles
  4 big kobolds
  The ghost of n0claF the Caller, an amateur DESu (D:4)
  20 bullfrogs
  A human simulacrum (Vaults:1)
  A wyvern zombie (D:14)
  A water moccasin skeleton (D:8)
  2 wyvern skeletons (D:13)
  2 scorpions
  8 killer bees
  9 wights
  3 electric eels (D:10)
  7 centaur zombies
  A howler monkey (D:12)
  10 crimson imps
  A bullfrog zombie (D:6)
  2 quasits (D:7)
  5 centaur skeletons
  2 jellies
  23 orc priests
  5 hounds
  24 orc wizards
  Terence (D:2)
  2 bullfrog skeletons
  5 iguanas
  10 worker ants
  2 hound zombies (D:6)
  9 adders
  4 gnolls (Orc:1)
  5 shadow imps
  5 white imps (D:14)
  3 ufetubi (D:14)
  A worm (D:3)
  4 dart slugs
  2 leopard geckos
  100 orcs
  10 bats
  5 giant cockroaches
  6 hobgoblins
  9 jackals
  6 quokkas
  2 ball pythons
  4 frilled lizards
  4 goblins
  A jackal skeleton (D:6)
  24 kobolds
  2 leopard gecko skeletons
  8 rats
  A withered plant (Shoals:2)
1505 creatures vanquished.

Vanquished Creatures (collateral kills)
  Frederick (Vaults:2)
  A tengu reaver (Vaults:2)
  2 nagarajas (Snake:4)
  An ironheart preserver (Vaults:2)
  A war gargoyle (Vaults:2)
  A naga warrior (Snake:4)
  A two-headed ogre (Vaults:2)
  An anaconda (Snake:4)
  A naga sharpshooter (Snake:4)
  A salamander mystic (Snake:4)
  An ironbrand convoker (Vaults:2)
  2 salamanders (Snake:4)
  A guardian serpent (Snake:4)
  A vault sentinel (Vaults:2)
  A naga mage (Snake:4)
  7 nagas (Snake:4)
  A black bear (shapeshifter) (Vaults:2)
25 creatures vanquished.

Vanquished Creatures (others)
  A nagaraja (Snake:4)
  A vault warden (Vaults:3)
  Aizul (Snake:2)
  A merfolk javelineer (Shoals:4)
  2 yaktaur captains (Vaults:1)
  An ogre mage (Vaults:1)
  A naga warrior (Snake:4)
  4 centaur warriors
  4 naga sharpshooters
  A sea snake (Shoals:4)
  A faun (Shoals:3)
  2 cyclopes
  A vault sentinel (Vaults:3)
  A naga mage (Snake:4)
  14 yaktaurs
  A dream sheep (Shoals:3)
  2 nagas
  A wolf (IceCv)
  11 centaurs
  2 ogres
  A kobold (D:14)
  6 fungi
  10 plants
70 creatures vanquished.

Grand Total: 1600 creatures vanquished
